AoeStats
← DJANGO

Glade

510468333Analyzed
1v1 RM · 1d ago on Oct 1, 2026· 42m 31s· 2 players
Game mode
Random Map
Map size
Tiny (2 player)
Population
200
Speed
Normal
Resources
Standard
Victory
Conquest
Starting age
Dark Age
Ending age
Imperial Age
RankedLock teamsTeams togetherTeam positionsShared explorationLock speedFull tech treeHidden civsTurbo modeCheats
Victory
Defeat
🇵🇪 Britons · Peru
858
+14
🇺🇸 Saxons · United States
806
-14
antipro247
11:03 Feudal Age
9:18 Loom
11:27 Horse Collar
11:34 Double-Bit Axe
19:00 Castle Age
18:00 Fletching
18:06 Gold Mining
18:13 Stone Mining
18:43 Padded Archer Armor
19:52 Bow Saw
19:46 Heavy Plow
23:16 Wheelbarrow
23:52 Bodkin Arrow
24:00 Treadmill Crane
25:17 Gold Shaft Mining
26:17 Hand Cart
27:20 Leather Archer Armor
29:54 Ballistics
29:51 Thumb Ring
33:36 Imperial Age
30:35 Elite Skirmisher
32:19 Town Watch
32:19 Man-at-Arms
32:23 Crossbowman
34:44 Conscription
35:01 Ring Archer Armor
34:32 Bracer
35:38 Two-Man Saw
34:56 Long Swordsman
35:37 Squires
35:38 Scale Mail Armor
36:06 Masonry
36:06 Capped Ram
37:10 Two-Handed Swordsman
38:07 Chain Mail Armor
37:40 Gambesons
40:42 Plate Mail Armor
40:22 Forging
DJANGO
10:31 Feudal Age
11:36 Double-Bit Axe
11:42 Horse Collar
13:50 Wheelbarrow
15:03 Gold Mining
19:28 Castle Age
17:24 Stone Mining
18:17 Padded Archer Armor
18:07 Fletching
20:28 Bow Saw
20:21 Heavy Plow
21:22 Gold Shaft Mining
21:32 Hand Cart
30:35 Imperial Age
29:04 Leather Archer Armor
28:45 Bodkin Arrow
31:18 Yeomen
32:17 Two-Man Saw
31:12 Town Watch
32:15 Conscription
33:12 Hoardings
33:37 Elite Longbowman
34:40 Forging
34:30 Pikeman
35:11 Squires
35:25 Scale Mail Armor
36:43 Bracer
37:06 Ballistics
37:22 Ring Archer Armor
37:27 Iron Casting
37:24 Arson
39:45 Chemistry
41:35 Blast Furnace
40:50 Chain Mail Armor
Connection lost

Rejoining the realm…

Still unreachable

The connection could not be restored.

Session expired

The server has moved on; the page needs a fresh start.